 Dungeon Crawl Stone Soup version 0.28.0-53-g5a82cb258f (webtiles) character file.

Game seed: 10253692139541596498

710 Ashen the Magician (level 7, -8/52 HPs)
             Began as a Mummy Fire Elementalist on July 9, 2022.
             Mangled by a vampire (9 damage)
             ... on level 6 of the Dungeon.
             The game lasted 00:09:00 (4639 turns).

Ashen the Magician (Mummy Fire Elementalist)        Turns: 4639, Time: 00:09:01

Health: -8/52      AC:  5    Str: 12    XL:     7   Next: 40%
Magic:  6/14       EV: 12    Int: 16    God:
Gold:   121        SH:  0    Dex: 12    Spells: 2/15 levels left

rFire   . . .      SeeInvis +   i - +3 short sword
rCold   + . .      Faith    .   (no shield)
rNeg    + + +      Spirit   .   d - +2 leather armour {rF+}
rPois   ∞          Reflect  .   (no helmet)
rElec   .          Harm     .   (no cloak)
rCorr   .          Rampage  .   (no gloves)
Will    .....                   (no boots)
Stlth   ++........              (no amulet)
HPRegen 0.17/turn               f - ring of see invisible
MPRegen 0.14/turn               (no ring)

@: no status effects
A: cold resistance 1, negative energy resistance 3, torment resistance 2, heat
vulnerability 1, no potions
a: no special abilities


You were on level 6 of the Dungeon.
You visited 1 branch of the dungeon, and saw 6 of its levels.

You collected 121 gold pieces.

Inventory:

Hand Weapons
 i - a +3 short sword (weapon)
 j - a +0 morningstar
Armour
 a - a +0 robe
 d - a +2 leather armour of fire resistance (worn)
Jewellery
 f - a ring of see invisible (left hand)
 n - a ring of see invisible
Scrolls
 b - 2 scrolls of torment {unknown}
 c - a scroll of identify {unknown}
 e - a scroll of amnesia {unknown}
 g - a scroll of vulnerability {unknown}
 h - a scroll of teleportation {unknown}
 k - a scroll of silence {unknown}
 l - a scroll of immolation {unknown}
 m - a scroll of fog {unknown}


   Skills:
 + Level 3.0 Fighting
 + Level 3.0 Dodging
 + Level 3.2 Stealth
 + Level 4.8 Spellcasting
 + Level 2.7 Conjurations
 + Level 3.6 Fire Magic


You had 2 spell levels left.
You knew the following spells:

 Your Spells              Type           Power      Damage    Failure   Level
a - Foxfire               Conj/Fire      56%        2x1d6     5%          1
b - Scorch                Fire           30%        2d6       7%          2
c - Flame Wave            Conj/Fire      14%        2d6       45%         4
d - Conjure Flame         Conj/Fire      14%        6-21      16%         3
e - Inner Flame           Hex/Fire       9%         N/A       28%         3

Your spell library contained the following spells:

 Spells                   Type           Power      Damage    Failure   Level


Dungeon Overview and Level Annotations

Branches:
Dungeon (7/15)
 Temple: D:4-7

Altars:
Uskayaw

Portals:
Abyss: D:3

Annotations:
D:3 2 transporters, exclusions: downstairs and 1 more exclusion, mcbry74's ghost, amateur MiFi


Innate Abilities, Weirdness & Mutations

You are immune to poison.
Your flesh is cold resistant. (rC+)
You are immune to negative energy. (rN+++)
You are immune to unholy pain and torment.
You are vulnerable to heat. (rF-)
You do not drink.


Message History

You conjure some foxfire!
The vampire hits you. The vampire bites you!
Unknown command.
You hit the vampire but do no damage.
You punch the vampire, but do no damage.
The vampire is moderately damaged.
The foxfire hits the vampire but does no damage.
The vampire is moderately damaged.
The foxfire hits the vampire but does no damage.
The vampire is moderately damaged.
The vampire barely misses you. The vampire bites you!
Casting: Foxfire (safe; 5% risk of failure)
Confirm with . or Enter, or press ? or * to list all spells.
You conjure some foxfire!
The vampire hits you.
* * * LOW HITPOINT WARNING * * *
The vampire bites you.
* * * LOW HITPOINT WARNING * * *
Unknown command.
You barely miss the vampire.
The vampire is moderately damaged.
The foxfire hits the vampire.
The vampire is moderately damaged.
The foxfire hits the vampire but does no damage.
The vampire is moderately damaged.
The vampire closely misses you. The vampire barely misses you. x3
Your magical contamination has completely faded away.
Casting: Foxfire (safe; 5% risk of failure)
Confirm with . or Enter, or press ? or * to list all spells.
You conjure some foxfire!
The vampire barely misses you. The vampire bites you.
* * * LOW HITPOINT WARNING * * *
Unknown command.
You hit the vampire but do no damage.
The vampire is moderately damaged.
The foxfire hits the vampire but does no damage.
The vampire is moderately damaged.
The foxfire hits the vampire.
The vampire is moderately damaged.
The vampire hits you.
* * * LOW HITPOINT WARNING * * *
The vampire bites you!
You die...

#.################
.........(......>#
...#####.#+#######
..##......# .
#.##......# .#
#§##......# ..
#.##......# #.#
####.......V@# ..
#....##.######
#.##...§##.#
#..#...v##.#
#.#....##.#
#.....V##.#
####.....##[#
.............
#####.#####.#


You could see a vampire (invisible).

Vanquished Creatures
  Pargi (D:3)
  An ogre (D:4)
  A wyvern zombie (D:6)
  2 scorpions
  A bullfrog zombie (D:6)
  A centaur zombie (D:4)
  3 orc priests
  A hound (D:4)
  2 orc wizards (D:3)
  4 adders
  An adder skeleton (D:4)
  A worm (D:2)
  3 dart slugs
  13 orcs
  3 ball pythons
  5 endoplasms
  3 giant cockroaches
  5 goblins
  6 hobgoblins
  7 kobolds
  3 quokkas
  2 bats
  A frilled lizard (D:2)
  6 rats
76 creatures vanquished.

Vanquished Creatures (others)
  284 foxfires
  3 plants (D:6)
287 creatures vanquished.

Grand Total: 363 creatures vanquished

Notes
Turn   | Place    | Note
-------+----------+-------------------------------------------
     0 | D:1      | Ashen the Mummy Fire Elementalist began the quest for the
                  | Orb.
     0 | D:1      | Reached XP level 1. HP: 13/13 MP: 4/4
   263 | D:1      | Found a faded altar of an unknown god.
   523 | D:1      | Reached XP level 2. HP: 16/20 MP: 0/5
   599 | D:1      | Reached skill level 1 in Conjurations
   602 | D:1      | Learned a level 2 spell: Scorch
  1269 | D:2      | Reached skill level 3 in Spellcasting
  1269 | D:2      | Reached XP level 3. HP: 21/25 MP: 2/7
  1461 | D:2      | Reached skill level 1 in Fighting
  2289 | D:3      | Reached XP level 4. HP: 31/32 MP: 3/8
  2544 | D:3      | Found a one-way gate to the infinite horrors of the Abyss.
  2544 | D:3      | Noticed mcbry74's ghost (amateur MiFi)
  3068 | D:3      | Reached XP level 5. HP: 38/38 MP: 4/10
  3340 | D:3      | Found a transporter.
  3340 | D:3      | Found a transporter.
  3365 | D:4      | Noticed Pargi
  3390 | D:3      | Killed Pargi
  3391 | D:3      | Reached skill level 4 in Spellcasting
  3391 | D:3      | Reached XP level 6. HP: 23/45 MP: 0/12
  3396 | D:3      | Learned a level 4 spell: Flame Wave
  3400 | D:3      | Learned a level 3 spell: Conjure Flame
  3404 | D:3      | Learned a level 3 spell: Inner Flame
  3961 | D:4      | Reached XP level 7. HP: 42/51 MP: 2/13
  4129 | D:4      | Found a hide-covered altar of Uskayaw.
  4355 | D:4      | You fall into a shaft and drop 3 floors!
  4607 | D:6      | Noticed a vampire
  4639 | D:6      | HP: 1/52 [vampire (6)]
  4639 | D:6      | Mangled by a vampire

Illustrated notes

Levels and vault maps discovered:
D:1:      dpeg_arrival_pond, layout_loops_corners,
          chequers_ecumenical_altar_island
D:2:      layout_loops_ring
D:3:      layout_rooms, gammafunk_ghost_abyssal_escape
D:4:      layout_rooms, mainiacjoe_overflow_concentric_impassable,
          serial_bayou_pond_e, nicolae_concentric_dashed_squares_wild,
          uniq_pargi
D:6:      layout_basic, xom_confusion_cloud, serial_shops,
          nicolae_shop_overgrown_old_shop
D:7:      layout_loops_ring, makhleb_altar_promises_db, temple_doors_ab

Skill      XL: |  1  2  3  4  5  6  7 |
---------------+----------------------+-----
Conjurations   | 1 2 |  2.7
Spellcasting   | 3 4 |  4.8
Fighting       | 1 2 3 |  3.0
Stealth        | 2 3 |  3.2
Dodging        | 2 3 |  3.0
Fire Magic     | 3 |  3.6

Action                   |  1- 3 |  4- 6 |  7- 9 || total
-------------------------+-------+-------+-------++-------
Melee: Unarmed           |    79 |     9 |       ||    88
       Short sword       |       |    23 |    15 ||    38
       Punch             |       |       |     1 ||     1
 Cast: Foxfire           |    53 |    74 |    34 ||   161
       Scorch            |       |     5 |     3 ||     8
 Stab: Sleeping          |       |       |     2 ||     2
Armor: Robe              |     4 |       |       ||     4
       Leather armour    |    27 |    43 |     5 ||    75
Dodge: Dodged            |    61 |    62 |    25 ||   148
